 Dungeon Sprint DCSS version 0.31-a0-716-gc7603755dd (webtiles) character file.

Game seed: 16533275028851396940

27068 rocky1 the Fencer (level 13, -1/108 HPs)
             Began as a Djinni Gladiator on Sept 11, 2023.
             Was an Initiate of Gozag.
             Killed from afar by a hell hound (3 damage)
             ... with a blast of flame
             ... led by Azrael
             ... in the Dungeon (Sprint IX: "|||||||||||||||||||||||||||||").
             The game lasted 00:14:06 (3251 turns).

rocky1 the Fencer (Djinni Gladiator)                Turns: 3251, Time: 00:14:06

Health: -1/108     AC: 25    Str: 16    XL:     13   Next: 63%
Gold:   2004       EV: 25    Int: 11    God:    Gozag SH:  0 Dex: 24

rFire   + + +        m - +2 scimitar "Avyt" {pain, rPois rF+ rC- Str+3 Dex+2}
rCold   x . .        (no shield)
rNeg    . . .        n - +0 plate armour "Iklokk" {Dex+3}
rPois   ∞            x - +2 hood of the Assassin {Detect Stab+ Stlth++}
rElec   .            D - +1 cloak
rCorr   .            y - +2 pair of gloves
SInv    .            (boots unavailable)
Will    +....        (no amulet) Stlth
                     B - ring of protection from cold
HPRegen 0.38/turn    v - ring of the Hare {EV+10}
MPRegen 0.00/turn

%: no teleportation, infuse magic (-2 HP)
@: gold aura, flying
A: sickness immunity, fire resistance 2, cold vulnerability 1, float, innate
caster, HP casting, extra vitality 1
a: Renounce Religion, Potion Petition, Call Merchant, Bribe Branch


You were in the Dungeon.
You worshipped Gozag.
Gozag was most pleased with you.
You visited 1 branch You collected 10690 gold pieces.
You spent 5023 gold pieces at shops.
You paid 3663 gold pieces to Gozag.

Inventory:

Hand Weapons
 m - the +2 scimitar "Avyt" (weapon) {pain, rPois rF+ rC- Str+3 Dex+2}
   (You found it in the Dungeon)

   Str+3:     It affects your strength (+3).
   Dex+2:     It affects your dexterity (+2).
   rF+:       It protects you from fire.
   rC-:       It makes you vulnerable to cold.
   rPois:     It protects you from poison
 p - a +6 scimitar
Missiles
 a - 5 silver javelins
 b - 4 curare-tipped darts
 e - a javelin (quivered)
Armour
 n - the +0 plate armour "Iklokk" (worn) {Dex+3}
   (You found it in the Dungeon)

   Dex+3:     It affects your dexterity (+3).
 x - the +2 hood of the Assassin (worn) {Detect Stab+ Stlth++}
   (You bought it in a shop in the Dungeon)

   Detect:    It allows the wearer to sense nearby creatures.
   Stab+:     It allows the wearer to make particularly effective stabbing
   attacks against helpless or unaware enemies with any weapon.
   Stlth++:   It makes you much more stealthy.
 y - a +2 pair of gloves (worn)
 D - a +1 cloak (worn)
 E - the +4 scale mail "Fauteq Neme" {rElec MP-9 Str+7}
   (You found it in the Dungeon)

   Str+7:     It affects your strength (+7).
   rElec:     It insulates you from electricity.
   MP-9:      It affects your magic capacity (-9).
Jewellery
 c - a ring of protection from fire
 r - a ring of protection from fire
 u - a ring of ice
 v - the ring of the Hare (right hand) {EV+10}
   (You bought it in a shop in the Dungeon)

   [ring of evasion]

   EV+10:     It affects your evasion (+10).
 A - a ring of fire
 B - a ring of protection from cold (left hand)
Wands
 o - a wand of charming (13)
Scrolls
 h - 6 scrolls of fear
 j - 2 scrolls of blinking
 k - 4 scrolls of enchant weapon
 l - 2 scrolls of revelation
 q - a scroll of torment
 s - 3 scrolls of identify
 t - 5 scrolls of enchant armour
 w - 2 scrolls of immolation
Potions
 f - 5 potions of curing
 g - a potion of brilliance
 i - 3 potions of berserk rage
 z - a potion of mutation
 C - a potion of resistance


   Skills:
 + Level 15.2 Fighting
 * Level 17.8 Long Blades
 - Level 2.9 Throwing
 + Level 14.7 Armour
 + Level 17.5 Dodging
 + Level 9.9 Spellcasting
 + Level 9.9 Conjurations
 + Level 9.9 Hexes
   Level 0.0 Charms
 + Level 9.9 Summonings
 + Level 9.9 Necromancy
 + Level 9.9 Translocations
 + Level 9.9 Transmutations
 + Level 9.9 Fire Magic
 + Level 9.9 Ice Magic
 + Level 9.9 Air Magic
 + Level 9.9 Earth Magic
 + Level 9.9 Poison Magic


You knew the following spells:

 Your Spells              Type           Power      Damage    Failure   Level
a - Kiss of Death         Conj/Necr      100%       2d13      4%          1
b - Searing Ray           Conj           54%        2d6       7%          2
c - Call Imp              Summ           54%        N/A       7%          2
d - Sigil of Binding      Hex            27%        N/A       13%         3
e - Dimensional Bullseye  Hex/Tloc       13%        N/A       41%         4
f - Summon Forest         Summ/Tloc      13%        N/A       77%         5
Your spell library was empty.

Dungeon Overview and Level Annotations

Branches:
Dungeon (1/1)

Altars:
Cheibriados
Dithmenos
Elyvilon
Fedhas
Gozag
Hepliaklqana
Makhleb
Nemelex Xobeh
Okawaru
Qazlal
Ru
Trog
Uskayaw
Wu Jian
Xom
Yredelemnul
Zin
The Shining One
Jiyva
Lugonu

Shops:
D =[(?([?


Innate Abilities, Weirdness & Mutations

You are immune to sickness and miasma.
You are immune to poison.
Your flesh is very heat resistant. (rF++)
You are vulnerable to cold. (rC-)
You float through the air rather than walking.
You learn spells naturally, not from books.
Your magical power is your life essence.
You have superior vitality. (+4 MHP)


Message History

You slash Azrael!
Azrael is moderately wounded.
You slash Azrael!
Azrael is moderately wounded.
Azrael blows smoke rings.
Azrael hits you with a +3 scimitar of flaming!
You completely miss Azrael.
Azrael is moderately wounded.
The hell hound is no longer distracted by gold.
Azrael completely misses you.
You slice Azrael!!
Azrael is severely wounded.
You slash Azrael!
Azrael is severely wounded.
Azrael misses you.
You barely miss Azrael.
Azrael is severely wounded.
Azrael gestures at you.
The sphere of damnation explodes!
The damnation engulfs you!!
* * * LOW HITPOINT WARNING * * *
The damnation engulfs Azrael.
Azrael completely resists.
You hit Azrael.
Azrael is severely wounded.
Azrael's eyes look fiery.
Azrael hits you with a +3 scimitar of flaming.
* * * LOW HITPOINT WARNING * * *
You barely miss Azrael.
Azrael is severely wounded.
You slash Azrael!
Azrael is almost dead.
Azrael gestures at you.
The fireball explodes!
The fireball engulfs you but does no damage.
The fireball engulfs Azrael.
Azrael completely resists.
You slash Azrael!
You kill Azrael!
The hell hound breathes flames at you. The blast of flame hits you. You resist.
You die...
Your body crumbles into a pile of gold.

▓_▓.▓'▓.▓)▓.▓)▓.▓{
{
▓_▓.▓.▓.▓)▓.▓)▓.▓{
▓_▓.▓.▓.▓)▓.▓)▓.▓{
▓_▓.▓.▓[▓)▓.▓)▓.▓{
▓_▓.▓.▓.▓.▓.▓)▓.▓{
▓'▓.▓.▓.▓)▓.▓)▓$▓{
▓.▓.▓.▓.▓)▓.▓)▓$▓
▓.▓.▓)▓.▓)▓.▓.▓.▓
▓.▓.▓.▓.▓)▓.▓)▓@▓
▓.▓.▓.▓.▓.▓.▓.▓$▓
▓)▓.▓.▓.▓.▓.▓.▓h▓
▓'▓.▓.▓.▓.▓.▓.▓E▓
▓.▓.▓.▓.▓.▓.▓'▓E▓
▓÷▓.▓.▓.▓.▓.▓.▓.▓
▓.▓.▓'▓.▓.▓.▓.▓.▓
▓.▓.▓.▓.▓.▓.▓.▓.▓
▓)▓.▓.▓.▓.▓.▓.▓


You could see 2 fire elementals and a hell hound (catching breath).

Vanquished Creatures
  2 stone giants (D)
  2 very ugly things (D)
  Azrael (D)
  Snorg (D)
  2 ice dragons (D)
  A spriggan air mage (D)
  A hydra (D)
  A catoblepas (D)
  3 centaur warriors (D)
  2 ogre magi (D)
  A tengu warrior (D)
  A two-headed ogre (D)
  Urug (D)
  Sonja (D)
  6 deep trolls (D)
  A wizard (D)
  3 orc knights (D)
  A cyclops (D)
  An orc sorcerer (D)
  A manticore (D)
  2 black mambas (D)
  An elephant (D)
  7 cane toads (D)
  Psyche (D)
  A rime drake (D)
  A tengu conjurer (D)
  5 trolls (D)
  A blink frog (D)
  A slime creature (D)
  A shadow (D)
  5 yaks (D)
  Eustachio (D)
  A wyvern (D)
  A vampire mosquito (D)
  2 acid dragons (D)
  3 hell hounds (D)
  A water moccasin (D)
  13 orc warriors (D)
  An ogre (D)
  A wolf (D)
  A centaur (D)
  A kobold brigand (D)
  2 bullfrogs (D)
  2 scorpions (D)
  A howler monkey (D)
  An orc priest (D)
  A hound (D)
  2 orc wizards (D)
  An ufetubus (D)
  9 orcs (D)
  A bat (D)
  An endoplasm (D)
  A goblin (D)
  A hobgoblin (D)
  A frilled lizard (D)
109 creatures vanquished.

Vanquished Creatures (others)
  A cane toad (D)
1 creature vanquished.

Grand Total: 110 creatures vanquished

Notes
Turn   | Place    | Note
-------+----------+-------------------------------------------
     0 | D        | rocky1 the Djinni Gladiator began the quest for the Orb.
     0 | D        | Reached XP level 1. HP: 18/18 MP: 0/0
    15 | D        | Reached XP level 2. HP: 23/23 MP: 0/0
    17 | D        | Noticed an ogre
    17 | D        | Noticed a scorpion
    28 | D        | Killed a scorpion
    29 | D        | Reached skill level 5 in Long Blades
    29 | D        | Reached skill level 5 in Dodging
    29 | D        | Reached XP level 3. HP: 20/30 MP: 0/0
    29 | D        | Learned a level 1 spell: Kiss of Death
    29 | D        | Reached XP level 4. HP: 24/35 MP: 0/0
    35 | D        | Killed an ogre
    36 | D        | Reached XP level 5. HP: 30/41 MP: 0/0
    36 | D        | Learned a level 2 spell: Searing Ray
    38 | D        | Reached skill level 1 in Armour
   365 | D        | Found a snail-covered altar of Cheibriados.
   365 | D        | Found a shadowy altar of Dithmenos.
   365 | D        | Found a white marble altar of Elyvilon.
   365 | D        | Found a blossoming altar of Fedhas.
   365 | D        | Found an opulent altar of Gozag.
   366 | D        | Found a hazy altar of Hepliaklqana.
   367 | D        | Found a viscous altar of Jiyva.
   369 | D        | Found a corrupted altar of Lugonu.
   370 | D        | Found a burning altar of Makhleb.
   371 | D        | Found a sparkling altar of Nemelex Xobeh.
   372 | D        | Found an iron altar of Okawaru.
   373 | D        | Became a worshipper of Gozag Ym Sagoz the Greedy
   374 | D        | Found a stormy altar of Qazlal.
   375 | D        | Found a sacrificial altar of Ru.
   377 | D        | Found a bloodstained altar of Trog.
   378 | D        | Found a hide-covered altar of Uskayaw.
   380 | D        | Found an ornate altar of the Wu Jian Council.
   381 | D        | Found a shimmering altar of Xom.
   382 | D        | Found a basalt altar of Yredelemnul.
   383 | D        | Found a glowing silver altar of Zin.
   384 | D        | Found a glowing golden altar of the Shining One.
   400 | D        | Got the +2 scimitar "Avyt" {pain, rPois rF+ rC- Str+3
                  | Dex+2}
   433 | D        | Noticed a yak
   433 | D        | Noticed a kobold brigand
   433 | D        | Noticed a centaur
   433 | D        | Noticed an orc warrior
   433 | D        | Noticed a shadow
   439 | D        | Killed a shadow
   440 | D        | Reached skill level 5 in Fighting
   440 | D        | Reached skill level 1 in Spellcasting
   440 | D        | Reached skill level 1 in Conjurations
   440 | D        | Reached skill level 1 in Hexes
   440 | D        | Reached skill level 1 in Summonings
   440 | D        | Reached skill level 1 in Necromancy
   440 | D        | Reached skill level 1 in Translocations
   440 | D        | Reached skill level 1 in Transmutations
   440 | D        | Reached skill level 1 in Fire Magic
   440 | D        | Reached skill level 1 in Ice Magic
   440 | D        | Reached skill level 1 in Air Magic
   440 | D        | Reached skill level 1 in Earth Magic
   440 | D        | Reached skill level 1 in Poison Magic
   440 | D        | Reached XP level 6. HP: 18/49 MP: 0/0
   446 | D        | Killed an orc warrior
   447 | D        | Reached XP level 7. HP: 50/54 MP: 0/0
   447 | D        | Learned a level 2 spell: Call Imp
   468 | D        | Killed a yak
   469 | D        | Reached skill level 5 in Armour
   469 | D        | Reached XP level 8. HP: 59/62 MP: 0/0
   486 | D        | Noticed a two-headed ogre
   486 | D        | Noticed a centaur warrior
   486 | D        | Noticed a troll
   486 | D        | Noticed a centaur warrior
   499 | D        | Killed a centaur warrior
   500 | D        | Reached skill level 10 in Dodging
   508 | D        | Reached XP level 9. HP: 62/69 MP: 0/0
   508 | D        | Learned a level 3 spell: Sigil of Binding
   519 | D        | Killed a troll
   526 | D        | Killed a centaur warrior
   532 | D        | Killed a two-headed ogre
   533 | D        | Reached skill level 5 in Spellcasting
   533 | D        | Reached skill level 5 in Conjurations
   533 | D        | Reached skill level 5 in Hexes
   533 | D        | Reached skill level 5 in Summonings
   533 | D        | Reached skill level 5 in Necromancy
   533 | D        | Reached skill level 5 in Translocations
   533 | D        | Reached skill level 5 in Transmutations
   533 | D        | Reached skill level 5 in Fire Magic
   533 | D        | Reached skill level 5 in Ice Magic
   533 | D        | Reached skill level 5 in Air Magic
   533 | D        | Reached skill level 5 in Earth Magic
   533 | D        | Reached skill level 5 in Poison Magic
   533 | D        | Reached XP level 10. HP: 53/78 MP: 0/0
   728 | D        | Noticed a catoblepas
   755 | D        | Killed a catoblepas
   760 | D        | Reached skill level 10 in Fighting
   797 | D        | Noticed a cane toad
   797 | D        | Noticed a black mamba
   797 | D        | Noticed a cane toad
   797 | D        | Noticed a cane toad
   797 | D        | Noticed a cane toad
   797 | D        | Noticed a black mamba
   798 | D        | Noticed a five-headed hydra
   803 | D        | Killed a black mamba
   805 | D        | Killed a cane toad
   805 | D        | Noticed a rime drake
   806 | D        | Noticed an elephant
   807 | D        | Killed a cane toad
   807 | D        | Killed a black mamba
   808 | D        | Reached XP level 11. HP: 68/86 MP: 0/0
   808 | D        | Learned a level 4 spell: Dimensional Bullseye
   809 | D        | Reached skill level 10 in Armour
   809 | D        | Killed a five-headed hydra
   826 | D        | Killed an elephant
   931 | D        | Bought a ring of ice for 350 gold pieces
   931 | D        | Bought the ring of the Hare {EV+10} for 1792 gold pieces
   931 | D        | Found the ring of the Hare {EV+10}
  1042 | D        | Reached skill level 15 in Long Blades
  1215 | D        | Noticed Urug
  1237 | D        | Killed Urug
  1518 | D        | Noticed an orc knight
  1520 | D        | Noticed an orc sorcerer
  1531 | D        | Noticed a soul eater
  1544 | D        | Killed an orc knight
  1545 | D        | Reached XP level 12. HP: 67/95 MP: 0/0
  1566 | D        | Found Baeh's Magic Scroll Boutique.
  1566 | D        | Noticed a deep troll
  1566 | D        | Noticed a deep troll
  1566 | D        | Noticed a deep troll
  1566 | D        | Noticed an ogre mage
  1566 | D        | Noticed a deep troll
  1570 | D        | Found Qeczeaq's Armour Shop.
  1573 | D        | Killed an ogre mage
  1576 | D        | Noticed an ogre mage
  1578 | D        | Killed a deep troll
  1579 | D        | Reached skill level 15 in Dodging
  1582 | D        | Killed a deep troll
  1587 | D        | Killed a deep troll
  1592 | D        | Killed a deep troll
  1593 | D        | Found Joodwiur's Weapon Boutique.
  1595 | D        | Found Inuytin's Magic Scroll Shop.
  1605 | D        | Killed an ogre mage
  1610 | D        | Noticed a deep troll
  1611 | D        | Noticed a stone giant
  1613 | D        | Noticed a deep troll
  1622 | D        | Killed a stone giant
  1629 | D        | Killed a deep troll
  1633 | D        | Killed a deep troll
  1828 | D        | Bought a scroll of revelation for 82 gold pieces
  1828 | D        | Bought a scroll of torment for 104 gold pieces
  1828 | D        | Bought a scroll of immolation for 44 gold pieces
  1828 | D        | Bought a scroll of revelation for 82 gold pieces
  1830 | D        | Bought the +2 hood of the Assassin {Detect Stab+ Stlth++}
                  | for 780 gold pieces
  1830 | D        | Found the +2 hood of the Assassin {Detect Stab+ Stlth++}
  1830 | D        | Bought a +2 pair of gloves for 214 gold pieces
  1955 | D        | Bought a scroll of fear for 48 gold pieces
  1955 | D        | Bought a scroll of immolation for 48 gold pieces
  1955 | D        | Bought a scroll of blinking for 90 gold pieces
  1955 | D        | Bought a scroll of enchant armour for 90 gold pieces
  1961 | D        | Bought a shiny scale mail for 175 gold pieces
  1961 | D        | Bought a scorched plate armour for 700 gold pieces
  1961 | D        | Identified the +6 plate armour "Lufaff" {Rampage Fly Str+2
                  | Slay-2} (You bought it in a shop in the Dungeon)
  1961 | D        | Bought a faintly humming buckler for 237 gold pieces
  1961 | D        | Identified the +1 buckler "Oxzidol" {Dex+3 Slay-6 SInv}
                  | (You bought it in a shop in the Dungeon)
  1961 | D        | Bought a glowing helmet for 187 gold pieces
  1992 | D        | Noticed Sonja
  1997 | D        | Noticed Psyche
  2010 | D        | Killed Sonja
  2025 | D        | Killed Psyche
  2153 | D        | Noticed Eustachio
  2160 | D        | Killed Eustachio
  2261 | D        | Got the +4 scale mail "Fauteq Neme" {rElec MP-9 Str+7}
  2278 | D        | Got the +0 plate armour "Iklokk" {Dex+3}
  2308 | D        | Noticed a tengu warrior
  2308 | D        | Noticed a centaur warrior
  2321 | D        | Killed a centaur warrior
  2322 | D        | Reached XP level 13. HP: 76/105 MP: 0/0
  2322 | D        | Learned a level 5 spell: Summon Forest
  2322 | D        | Noticed a spriggan air mage
  2330 | D        | Noticed an ice dragon
  2335 | D        | Noticed a purple very ugly thing
  2351 | D        | Noticed a stone giant
  2361 | D        | Noticed a purple very ugly thing
  2821 | D        | Killed a purple very ugly thing
  2828 | D        | Killed a purple very ugly thing
  2854 | D        | Killed a spriggan air mage
  2870 | D        | Killed a stone giant
  2878 | D        | Killed an ice dragon
  2879 | D        | Reached skill level 15 in Fighting
  2891 | D        | Noticed an ice dragon
  2907 | D        | Killed an ice dragon
  3196 | D        | Noticed Snorg
  3210 | D        | Killed Snorg
  3233 | D        | Noticed Azrael
  3248 | D        | HP: 2/108 [Azrael/+3 scimitar of flaming (5)]
  3251 | D        | Killed Azrael
  3251 | D        | Killed from afar by a hell hound

Illustrated notes

Levels and vault maps discovered:
D:        linesprint [early_d, line_temple, items_1, d_10, items_2, lair_1,
          lair_end, items_3, orc_1, orc_end, items_4, d_15, swamp_1, shoals_1,
          snake_1, spider_1, d_20, vaults_1, items_5, swamp_end, shoals_end,
          snake_end, spider_end, vaults_end, d_27, items_6, zot_1, zot_end,
          crypt_end, forest_end, elf_end, slime_end, tomb_end, abyss_end,
          pan_hell_end]

Skill      XL: |  1  2  3  4  5  6  7  8  9 10 11 12 13 |
---------------+----------------------------------------+-----
Long Blades    | 3 5 6 8 9 11 12 14 15 17 | 17.8
Dodging        | 4 5 7 8 9 10 11 12 14 16 17 | 17.5
Fighting       | 3 5 6 7 9 10 12 14 15 | 15.2
Throwing       | 2 |  2.9
Armour         | 3 5 6 8 9 11 13 14 | 14.7
Spellcasting   | 1 2 3 5 6 7 8 9 |  9.9
Conjurations   | 1 2 3 5 6 7 8 9 |  9.9
Hexes          | 1 2 3 5 6 7 8 9 |  9.9
Summonings     | 1 2 3 5 6 7 8 9 |  9.9
Necromancy     | 1 2 3 5 6 7 8 9 |  9.9
Translocations | 1 2 3 5 6 7 8 9 |  9.9
Transmutations | 1 2 3 5 6 7 8 9 |  9.9
Fire Magic     | 1 2 3 5 6 7 8 9 |  9.9
Ice Magic      | 1 2 3 5 6 7 8 9 |  9.9
Air Magic      | 1 2 3 5 6 7 8 9 |  9.9
Earth Magic    | 1 2 3 5 6 7 8 9 |  9.9
Poison Magic   | 1 2 3 5 6 7 8 9 |  9.9

Action                     |  1- 3 |  4- 6 |  7- 9 | 10-12 | 13-15 || total
---------------------------+-------+-------+-------+-------+-------++-------
  Melee: Long sword        |    17 |    22 |       |       |       ||    39
         Scimitar          |       |    10 |    55 |   266 |   131 ||   462
         Punch             |       |       |     1 |     2 |       ||     3
         Unarmed           |       |       |       |    12 |       ||    12
  Throw: Throwing net      |       |     1 |     2 |       |       ||     3
         Javelin           |       |       |       |     1 |       ||     1
 Invoke: Call Merchant     |       |       |       |     3 |       ||     3
         Potion Petition   |       |       |       |     1 |     1 ||     2
  Evoke: Wand              |       |       |       |    10 |       ||    10
    Use: Potion            |       |     2 |     3 |     5 |     2 ||    12
         Scroll            |       |       |       |       |     2 ||     2
   Stab: Sleeping          |     1 |       |       |       |       ||     1
         Held in net/web   |       |     1 |     1 |       |       ||     2
         Invisible         |       |     2 |     7 |     6 |       ||    15
         Distracted        |       |       |       |     4 |     1 ||     5
 Armour: Leather armour    |    11 |    12 |    28 |    44 |       ||    95
         Scale mail        |       |       |       |    16 |       ||    16
         Plate armour      |       |       |       |    14 |    72 ||    86
         Skin              |       |       |       |     1 |       ||     1
  Dodge: Dodged            |    11 |    21 |    34 |   220 |   108 ||   394

Table legend: (Time is in decaauts)
 A = Elapsed time spent in this place.
 B = Non-inter-level travel time spent in this place.
 C = Inter-level travel time spent in this place.
 D = Time resting spent in this place.
 E = Time spent auto-exploring this place.
 F = Levels seen in this place.
 G = Mean time per level.
                   A        B        C        D        E       F      G
               +--------+--------+--------+--------+--------+-----+--------+
         Total |   3065 |   3065 |      0 |   1588 |      0 |   1 | 3065.0 |
       Dungeon |   3065 |   3065 |      0 |   1588 |      0 |   1 | 3065.0 |
               +--------+--------+--------+--------+--------+-----+--------+

Top non-repeatable levels by time:
       D: 3065 daAuts
